 Dungeon Crawl Stone Soup version 0.27-a0-1281-ge233d83751 (webtiles) character file.

Game seed: 15302594390823576287

54 sanka the Insei (level 3, -6/23 HPs)
             Began as an Octopode Transmuter on June 13, 2021.
             Mangled by a gnoll (11 damage)
             ... on level 2 of the Dungeon.
             The game lasted 00:02:43 (1822 turns).

sanka the Insei (Octopode Transmuter)               Turns: 1822, Time: 00:02:43

Health: -6/23      AC:  2    Str:  9    XL:     3   Next: 91%
Magic:  3/6        EV: 19    Int: 15    God:
Gold:   63         SH:  0    Dex: 18    Spells: 0/6 levels left

rFire    . . .     SeeInvis .     - Unarmed
rCold    . . .     Faith    .   (shield currently unavailable)
rNeg     . . .     Spirit   .   (helmet currently unavailable)
rPois    x         Reflect  .   (no amulet)
rElec    .         Harm     .   (no ring)
rCorr    .         Rampage  .   (no ring)
Will     .....                  (no ring)
Stlth    ++........             (no ring)
HPRegen  0.07/turn              (no ring)
MPRegen  0.10/turn              (no ring)
                                (no ring)
                                (no ring)

@: spider-form
A: venomous fangs, almost no armour, (amphibious), 8 rings, tiny, (camouflage
1), (gelatinous body 1), (nimble swimmer 1), (tentacles)
a: End Transformation


You were on level 2 of the Dungeon.
You were a venomous arachnid creature.
You visited 1 branch of the dungeon, and saw 2 of its levels.

You collected 63 gold pieces.


Innate Abilities, Weirdness & Mutations

You are a venomous arachnid creature.
You have poisonous fangs.
You are tiny and dextrous.
Your spellcasting is less reliable in this form.
Your armour is entirely melded.
You are incapable of wielding weapons or throwing items.
You cannot wear most types of armour.
((You are amphibious.))
You can wear up to eight rings at the same time.
((Your skin changes colour to match your surroundings (Stealth+).))
((Your rubbery body absorbs attacks. (AC +1, EV +1)))
((You are camouflaged near water. (Stealth+)))
((You have tentacles for arms and can constrict up to eight enemies at once.))


   Skills:
 - Level 1.0 Fighting
 - Level 2.0 Dodging
 - Level 4.0 Unarmed Combat
 - Level 2.0 Spellcasting
 + Level 2.9 Transmutations
 + Level 1.1 Poison Magic


You couldn't memorise any spells.
You knew the following spells:

 Your Spells              Type           Power      Damage    Failure   Level
x - Spider Form           Tmut/Pois      3%         N/A       50%         3
y - Wereblood             Tmut           10%        N/A       26%         2
z - Beastly Appendage     Tmut           20%        N/A       19%         1

Your spell library contained the following spells:

 Spells                   Type           Power      Damage    Failure   Level
 Ice Form                 Ice/Tmut       5%         N/A       90%         4
 Summon Ice Beast         Ice/Summ       1%         N/A       98%         4
 Freezing Cloud           Conj/Ice/Air   0%         6-21      100%        5
 Simulacrum               Ice/Necr       0%         N/A       100%        6
 Ozocubu's Refrigeration  Ice            0%         4d5       100%        7

Inventory:

Wands
 d - a wand of acid (7)
Scrolls
 b - a scroll of vulnerability {unknown}
 e - 3 scrolls of noise {unknown}
 h - a scroll of teleportation {unknown}
Potions
 a - a potion of brilliance {unknown}
 c - a potion of degeneration {unknown}
 f - 2 potions of ambrosia {unknown}
 g - a potion of curing {unknown}
 i - a potion of mutation {unknown}

Dungeon Overview and Level Annotations

Branches:
Dungeon (2/15)

Altars:

▒▒▒▒▒....)...........
......▒....▒.........
.....................
▒....................
▒...........▒.......▒
▒▒▒.▒....(.▒▒.....▒.
▒......▒...........
.......▒...g..▒...▒
..........s.......▒
▒▒▒▒▒▒▒...........▒
▒...?........▒
.▒▒▒▒▒▒...?(.......▒
.......<.........▒.▒
.................▒
▒▒.....▒.........▒▒
▒.....▒.............
▒▒▒▒▒▒▒.........▒▒▒▒


You could see a gnoll.


Message History

The gnoll completely misses you.
Unknown command.
You kill the gnoll!
You kill the gnoll!
Your Poison Magic skill increases to level 1!
There is a stone staircase leading up here.
The gnoll throws a stone.
The stone barely misses you.
You climb upwards.
Your transformation has ended.
There is a stone staircase leading down here.
You start resting.
Magic restored.
HP restored.
The spell is extremely dangerous to cast (28% risk of failure)!
Continue anyway?
You turn into a venomous arachnid creature.
You climb downwards.
The gnoll throws a stone.
The stone hits you.
There is a stone staircase leading up here.
Unknown command.
The gnoll throws a stone.
The stone hits you.
The gnoll throws a stone.
The stone closely misses you.
The gnoll hits you from afar with a +0 halberd!
Ouch! That really hurt!
* * * LOW HITPOINT WARNING * * *
The gnoll hits you with a +0 halberd!
You die...

Action                   || total
-------------------------++-------
Melee: Unarmed           ||    76
       Constrict         ||    17
       Tentacles         ||    15
       Kick              ||     2
 Cast: Beastly Appendage ||     2
       Spider Form       ||     2
 Stab: Sleeping          ||     8
Armor: Skin              ||    10
Dodge: Dodged            ||    63

Levels and vault maps discovered:
D:1:      dpeg_arrival_leaves_temple_mockup, layout_loops_ring,
          hellmonk_ecumenical_altar_lost_god, minmay_lizard_pond
D:2:      layout_rooms

Notes
Turn   | Place    | Note
-------+----------+-------------------------------------------
     0 | D:1      | sanka the Octopode Transmuter began the quest for the Orb.
     0 | D:1      | Reached XP level 1. HP: 13/13 MP: 3/3
   162 | D:1      | Reached XP level 2. HP: 18/18 MP: 5/5
   641 | D:1      | Found a faded altar of an unknown god.
   690 | D:1      | Reached skill level 4 in Unarmed Combat
   693 | D:1      | Learned a level 2 spell: Wereblood
  1065 | D:1      | Reached XP level 3. HP: 22/23 MP: 6/6
  1393 | D:2      | Learned a level 3 spell: Spider Form
  1586 | D:2      | Reached skill level 1 in Poison Magic
  1822 | D:2      | Mangled by a gnoll

Vanquished Creatures
  2 gnolls (D:2)
  A worm (D:2)
  3 bats
  3 endoplasms (D:1)
  A giant cockroach (D:1)
  A goblin (D:2)
  2 hobgoblins
  A quokka (D:2)
  2 ball pythons (D:1)
  8 frilled lizards (D:1)
  8 kobolds
  4 rats (D:1)
36 creatures vanquished.
